 Dungeon Crawl Stone Soup version 0.27-a0-1191-g601b473118 (webtiles) character file.

Game seed: 6596051686385912825

77 Delamore the Cudgeller (level 4, -2/29 HPs)
             Began as a Gargoyle Monk on May 24, 2021.
             Slain by Natasha (4 damage)
             ... on level 3 of the Dungeon.
             The game lasted 00:01:46 (2492 turns).

Delamore the Cudgeller (Gargoyle Monk)              Turns: 2492, Time: 00:01:47

Health: -2/29      AC:  7    Str: 16    XL:     4   Next: 34%
Magic:  0/4        EV: 12    Int: 10    God:
Gold:   119        SH:  0    Dex: 12    Spells: 3/3 levels left

rFire    . . .     SeeInvis .   a - +0 mace
rCold    . . .     Faith    .   (no shield)
rNeg     + . .     Spirit   +   n - +0 leather armour
rPois    ∞         Reflect  .   (no helmet)
rElec    +         Harm     .   (no cloak)
rCorr    .         Rampage  .   (no gloves)
Will     .....                  m - +0 pair of boots
Stlth    ++........             c - amulet of guardian spirit
HPRegen  0.09/turn              (no ring)
MPRegen  0.09/turn              (no ring)

@: no status effects
A: sickness immunity, AC +3, negative energy resistance 1, electricity
resistance, torment resistance 1, petrification resistance
a: no special abilities


You were on level 3 of the Dungeon.
You visited 1 branch of the dungeon, and saw 3 of its levels.

You collected 119 gold pieces.

Inventory:

Hand Weapons
 a - a +0 mace (weapon)
Missiles
 j - 8 poisoned darts (quivered)
Armour
 b - a +0 robe
 m - a +0 pair of boots (worn)
 n - a +0 leather armour (worn)
Jewellery
 c - an amulet of guardian spirit (around neck)
 d - a ring of poison resistance
Wands
 k - a wand of acid (7)
Scrolls
 e - a scroll of enchant armour {unknown}
 f - a scroll of magic mapping {unknown}
 g - a scroll of torment {unknown}
 i - a scroll of acquirement {unknown}
 l - a scroll of holy word {unknown}
Potions
 h - a potion of curing {unknown}


   Skills:
 + Level 4.1 Fighting
 * Level 4.4 Maces & Flails
 - Level 2.4 Dodging
 - Level 2.1 Stealth


You had 3 spell levels left.
You didn't know any spells.
Your spell library was empty.

Dungeon Overview and Level Annotations

Branches:
Dungeon (3/15)

Altars:
Sif Muna

Shops:
D:2 =

Annotations:
D:3 Natasha


Innate Abilities, Weirdness & Mutations

You are immune to sickness and miasma.
Your stone body is resilient. (AC +3)
You are immune to poison.
You resist negative energy. (rN+)
You are resistant to electric shocks. (rElec)
You are resistant to unholy torment.
You are immune to petrification.


Message History

You closely miss the white imp.
The white imp is moderately wounded.
The white imp gestures at you. The puff of frost hits you!
You hit the white imp.
The white imp is heavily wounded.
The white imp disappears for a moment.
The white imp hits you but does no damage.
You hit the white imp.
The white imp is almost dead.
The white imp completely misses you.
You hit the white imp.
You kill the white imp!
Natasha stares at you and mumbles some strange words.
The magic dart hits you!
You hit Natasha.
Natasha is moderately wounded.
Natasha barely misses you.
You barely miss Natasha.
Natasha is moderately wounded.
Natasha closely misses you.
You hit Natasha but do no damage.
Natasha is moderately wounded.
Natasha claws you but does no damage.
You sock Natasha!
Natasha is almost dead.
Natasha howls an incantation.
Natasha's front paws start to glow.
Natasha claws you.
You closely miss Natasha.
Natasha is almost dead.
Natasha claws you but does no damage. Natasha claws you!
* * * LOW HITPOINT WARNING * * *
You hit Natasha but do no damage.
Natasha is almost dead.
Natasha barely misses you.
You hit Natasha.
Natasha is almost dead.
Natasha claws you.
You die...

##.##>(.######
#..###.#####..
#.##.........#
#.##.#.####### #.##.#.#
#.##.#.#######
#.##.#........
..########.#...######..
......h@..>.....[.....
..########.#...#######
#.##.## #.##.# #.##.#
..##.# ####.# ..# ###


You could see Natasha.

Vanquished Creatures
  A gnoll (D:2)
  2 adders (D:2)
  An adder skeleton (D:2)
  A worm (D:2)
  A dart slug (D:1)
  5 endoplasms
  A giant cockroach (D:1)
  2 hobgoblins (D:1)
  10 jackals (D:2)
  A quokka (D:1)
  3 ball pythons (D:2)
  2 bats
  2 frilled lizards (D:1)
  A goblin (D:2)
  4 kobolds (D:2)
  6 rats
43 creatures vanquished.

Notes
Turn   | Place    | Note
-------+----------+-------------------------------------------
     0 | D:1      | Delamore the Gargoyle Monk began the quest for the Orb.
     0 | D:1      | Reached XP level 1. HP: 14/14 MP: 1/1
   859 | D:1      | Reached XP level 2. HP: 19/19 MP: 2/2
   912 | D:1      | Found a faded altar of an unknown god.
  1623 | D:2      | Reached XP level 3. HP: 24/24 MP: 3/3
  1872 | D:2      | Found a shimmering blue altar of Sif Muna.
  1936 | D:2      | Reached XP level 4. HP: 28/29 MP: 2/4
  2212 | D:2      | Found Duyrchyh's Jewellery Boutique.
  2475 | D:3      | Noticed Natasha
  2492 | D:3      | Slain by Natasha

Illustrated notes

Levels and vault maps discovered:
D:1:      dpeg_arrival_water_temple_mockup, layout_loops_ring,
          serial_co_window_serial, co_window_corner_a, co_window_corner_a,
          co_window_paths_b, co_window_cross_1, co_window_paths_b,
          co_window_corner_ca, co_window_unsneaky_path_c, co_window_cross_4,
          co_window_4corner_a, co_window_paths_e, glass_columns_b,
          glass_columns_c, glass_columns_b, glass_columns_a, glass_columns_b,
          shapermc_ecumenical_altar_venn, minmay_pentomino_p4
D:2:      layout_loops_ring, serial_shops, nicolae_shop_crystal, basic_altar
D:3:      layout_loops_ring, minmay_misc_feat_rugged, uniq_natasha

Skill      XL: |  1  2  3 |
---------------+----------+-----
Maces & Flails | 4 |  4.4
Fighting       | 4 |  4.1
Dodging        | |  2.4
Stealth        | |  2.1

Action                   |  1- 3 |  4- 6 || total
-------------------------+-------+-------++-------
Melee: Mace              |   105 |    32 ||   137
Throw: Dart              |       |     3 ||     3
 Stab: Sleeping          |     6 |     1 ||     7
Armor: Robe              |    43 |     8 ||    51
       Leather armour    |       |     4 ||     4
Dodge: Dodged            |    62 |    20 ||    82

Table legend: (Time is in decaauts)
 A = Elapsed time spent in this place.
 B = Non-inter-level travel time spent in this place.
 C = Inter-level travel time spent in this place.
 D = Time resting spent in this place.
 E = Time spent auto-exploring this place.
 F = Levels seen in this place.
 G = Mean time per level.
                   A        B        C        D        E       F      G
               +--------+--------+--------+--------+--------+-----+--------+
         Total |   2521 |   2457 |     64 |    241 |   1880 |   3 |  840.3 |
       Dungeon |   2521 |   2457 |     64 |    241 |   1880 |   3 |  840.3 |
               +--------+--------+--------+--------+--------+-----+--------+

Top non-repeatable levels by time:
     D:1: 1444 daAuts
     D:2: 994 daAuts
     D:3: 82 daAuts
